Avalanche vs Flames

Created - December-14-14 at 10:00

Goals
1 2 3 T
Avalanche 0 0 1 1
Flames 1 0 1 2
Shots
1 2 3 T
Avalanche 9 7 8 24
Flames 9 7 7 23

1st period

1. Flames , Jack Johnson 6 (Tomas Kopecky, Ryan Kesler) at 14:28 (PP)

Penalties :
Ladislav Smid (CGY) for Hooking (Minor) at 9:14, Ryane Clowe (COL) for Holding (Minor) at 13:28, Nick Holden (COL) for Hooking (Minor) at 16:11

2nd period

No Goal

Penalties :
Dustin Brown (CGY) for Interference (Minor) at 9:39, Victor Bartley (COL) for Hooking (Minor) at 12:58

3rd period

2. Flames , Justin Faulk 7 (Mike Cammalleri, Jared Spurgeon) at 7:55 (PP)
3. Avalanche , Riley Sheahan 5 (Kevin Shattenkirk) at 14:33 (PP)

Penalties :
Marcel Goc (COL) for High sticking (Minor) at 1:27, Sami Vatanen (COL) for Holding (Minor) at 7:19, Kyle Clifford (CGY) for Hooking (Minor) at 12:46, Michael Del Zotto (COL) for Holding (Minor) at 14:56

Goalie Stats

Antti Niemi (COL), 21 saves from 23 shots - (0.913), L, 7-11-1, 59:08 minutes
Jonathan Quick (CGY), 23 saves from 24 shots - (0.958), W, 14-7-1, 60:00 minutes

Players Stats for Avalanche

Player Name              G  A  P  +/- PIM S  H  SB GA TA FO     MP     PP MP  PK MP  
------------------------------------------------------------------------------------
Boone Jenner             0  0  0   0  0   2  2  0  0  0  0/1    10:02   0:00   0:53 
Christopher Higgins      0  0  0   0  0   5  4  0  0  0  0/0    24:12   2:37   5:06 
Cody Hodgson             0  0  0   0  0   4  1  1  0  0  6/12   14:57   3:24   0:00 
Derek Stepan             0  0  0   0  0   2  0  0  0  0  12/23  23:38   2:45   4:24 
Jakob Silfverberg        0  0  0   0  0   2  0  0  0  0  0/0    19:05   0:00   0:00 
Keith Yandle             0  0  0   0  0   1  0  0  0  0  0/0    18:51   3:50   0:56 
Kevin Shattenkirk        0  1  1   0  0   2  3  1  0  0  0/0    21:04   2:11   5:13 
Marcel Goc               0  0  0   0  2   0  0  0  0  0  10/15  14:19   0:00   4:15 
Marcus Johansson         0  0  0   0  0   1  0  0  0  0  0/0    18:07   2:20   0:14 
Markus Granlund          0  0  0   0  0   0  0  0  0  0  0/0     9:09   0:00   0:00 
Michael Del Zotto        0  0  0   0  2   0  1  1  0  0  0/0    17:53   0:00   0:00 
Nick Holden              0  0  0   0  2   0  4  3  0  0  0/0    15:31   0:00   3:59 
Quinton Howden           0  0  0   0  0   1  2  0  0  0  0/1    14:05   2:21   4:12 
Riley Sheahan            1  0  1   0  0   3  0  1  0  0  3/11   10:32   3:00   0:00 
Ryane Clowe              0  0  0   0  2   0  0  0  0  0  1/1    12:20   0:48   0:00 
Sami Vatanen             0  0  0   0  2   0  2  0  0  0  0/0    19:42   2:22   4:37 
Tyson Barrie             0  0  0   0  0   1  1  0  0  0  0/0    20:35   3:07   4:19 
Victor Bartley           0  0  0   0  2   0  0  0  0  0  0/0     6:20   0:00   0:00 

Players Stats for Flames

Player Name              G  A  P  +/- PIM S  H  SB GA TA FO     MP     PP MP  PK MP  
------------------------------------------------------------------------------------
Andrew MacDonald         0  0  0   0  0   1  0  1  0  0  0/0    12:25   0:00   0:00 
Anze Kopitar             0  0  0   0  0   1  1  0  0  0  13/32  23:43   4:20   2:04 
Barret Jackman           0  0  0   0  0   0  0  1  0  0  0/0     1:20   0:00   0:00 
Brett Bulmer             0  0  0   0  0   1  0  0  0  0  0/0     9:59   0:00   0:00 
Drew Shore               0  0  0   0  0   0  0  0  0  0  1/1     1:01   0:00   0:00 
Dustin Brown             0  0  0   0  2   0  3  0  0  0  1/1    22:09   4:20   0:00 
Erik Johnson             0  0  0   0  0   3  3  4  0  0  0/0    25:28   4:16   2:28 
Jack Johnson             1  0  1   0  0   1  1  0  0  0  0/0    24:08   4:16   2:28 
Jared Spurgeon           0  1  1   0  0   2  2  1  0  0  0/0    22:07   5:16   3:17 
Justin Faulk             1  0  1   0  0   3  0  2  0  0  0/0    22:07   5:16   3:17 
Kyle Clifford            0  0  0   0  2   1  2  0  0  0  1/1    13:55   0:00   0:00 
Ladislav Smid            0  0  0   0  2   1  6  0  0  0  0/0    12:24   0:00   0:00 
Michael Bournival        0  0  0   0  0   0  0  0  0  0  0/1    13:24   0:00   0:00 
Mike Cammalleri          0  1  1   0  0   4  0  0  0  0  0/0    23:43   4:20   2:04 
Patrik Elias             0  0  0   0  0   4  0  0  0  0  6/9    20:53   5:12   3:41 
Ryan Kesler              0  1  1   0  0   0  5  0  0  0  10/18  22:53   5:12   3:41 
Stephane Da Costa        0  0  0   0  0   1  0  0  0  0  0/0     3:25   0:00   0:00 
Tomas Kopecky            0  1  1   0  0   0  0  0  0  0  0/1    19:08   5:12   0:00 

3 Stars

1 - Jonathan Quick (CGY)
2 - Jack Johnson (CGY)
3 - Ryan Kesler (CGY)

Power Play

Avalanche - 1 on 3 Attempt(s) - 33.33%
Flames - 2 on 6 Attempt(s) - 33.33%

Penalty Kill

Avalanche - 4 on 6 Attempt(s) - 66.67% - Score 0 goal in Penalty Kill
Flames - 2 on 3 Attempt(s) - 66.67% - Score 0 goal in Penalty Kill

Team Stat

Avalanche - Hits : 20 - Faceoff Wins : 32 - Blocked Shots : 7 - Penalty Minutes : 12
Flames - Hits : 23 - Faceoff Wins : 32 - Blocked Shots : 9 - Penalty Minutes : 6

Official

Referees : Tom Kowal and Brad Watson
Linesman : Steve Barton and Don Henderson

Game Notes

Barret Jackman is injured at 11:23 of 3rd period (Right Hand)

Finance

Level 1 -- Attendance: 4939 (75.98%) -- Ticket Income $543,290
Level 2 -- Attendance: 4440 (88.80%) -- Ticket Income $333,000
Level 3 -- Attendance: 2504 (71.54%) -- Ticket Income $150,240
Level 4 -- Attendance: 2107 (64.06%) -- Ticket Income $84,280
Luxury Box -- Attendance: 979 (97.90%) -- Ticket Income $195,800
Game was played at the Scotiabank Saddledome'
Total Attendance: 14969 (77.60%)
Total Ticket Income: $1,306,610
Other Income: $195,992
Total Income: $1,502,602

% Time on Ice - Avalanche

Lines # - Real PCT - Wanted PCT - Time Play
Normal Forward
1 - 36% - 34% - 15:33
2 - 26% - 32% - 11:33
3 - 17% - 24% - 7:32
4 - 21% - 10% - 9:09
Normal Defense
1 - 29% - 34% - 12:44
2 - 30% - 33% - 13:09
3 - 26% - 32% - 11:33
4 - 15% - 1% - 6:21
PP Forward
1 - 41% - 50% - 2:21
2 - 59% - 50% - 3:24
PP Defense
1 - 54% - 50% - 3:07
2 - 46% - 50% - 2:38
PK Forward
1 - 46% - 50% - 4:24
2 - 54% - 50% - 5:08
PK Defense
1 - 55% - 50% - 5:13
2 - 45% - 50% - 4:19
PK3 Forward
1 - 0% - 50%
2 - 0% - 50%
PK3 Defense
1 - 0% - 50%
2 - 0% - 50%
44 Forward
1 - 0% - 50%
2 - 0% - 50%
44 Defense
1 - 0% - 50%
2 - 0% - 50%
Last Minute Offensive  - 0:56
Last Minute Defensive  - 0:00
Total
Forward - 60:00
Defense - 60:00

% Time on Ice - Flames

Lines # - Real PCT - Wanted PCT - Time Play
Normal Forward
1 - 39% - 40% - 17:19
2 - 31% - 30% - 13:56
3 - 22% - 20% - 9:59
4 - 8% - 10% - 3:25
Normal Defense
1 - 39% - 40% - 17:24
2 - 30% - 30% - 13:30
3 - 28% - 20% - 12:25
4 - 3% - 10% - 1:20
PP Forward
1 - 45% - 50% - 4:20
2 - 55% - 50% - 5:12
PP Defense
1 - 45% - 50% - 4:16
2 - 55% - 50% - 5:16
PK Forward
1 - 36% - 50% - 2:04
2 - 64% - 50% - 3:41
PK Defense
1 - 43% - 50% - 2:28
2 - 57% - 50% - 3:17
PK3 Forward
1 - 0% - 50%
2 - 0% - 50%
PK3 Defense
1 - 0% - 50%
2 - 0% - 50%
44 Forward
1 - 0% - 50%
2 - 0% - 50%
44 Defense
1 - 0% - 50%
2 - 0% - 50%
Last Minute Offensive  - 0:00
Last Minute Defensive  - 0:04
Total
Forward - 60:00
Defense - 60:00

Play by Play

1st period


0:01 of 1st period - Derek Stepan wins face-off versus Anze Kopitar in neutral zone.
0:06 of 1st period - Shot by Derek Stepan.
0:06 of 1st period - Shot Misses the Net.
0:08 of 1st period - Shot by Kevin Shattenkirk.
0:08 of 1st period - Shot Misses the Net.
0:10 of 1st period - Shot by Kevin Shattenkirk.
0:10 of 1st period - Shot Misses the Net.
0:12 of 1st period - Shot by Marcus Johansson.
0:12 of 1st period - Stopped by Jonathan Quick without a rebound.
0:13 of 1st period - Cody Hodgson wins face-off versus Ryan Kesler in Flames zone.
0:13 of 1st period - Cody Hodgson is hit by Jared Spurgeon.
1:45 of 1st period - Mike Cammalleri is hit by Nick Holden and loses puck.
1:54 of 1st period - Shot by Anze Kopitar.
1:54 of 1st period - Shot Misses the Net.
4:37 of 1st period - Anze Kopitar is hit by Tyson Barrie and loses puck.
4:56 of 1st period - Anze Kopitar is hit by Christopher Higgins and loses puck.
5:02 of 1st period - Icing by Erik Johnson.
5:03 of 1st period - Anze Kopitar wins face-off versus Marcel Goc in Flames zone.
6:18 of 1st period - Kevin Shattenkirk is hit by Ryan Kesler and loses puck.
6:31 of 1st period - Shot by Ryan Kesler.
6:31 of 1st period - Deflect By Kyle Clifford.
6:31 of 1st period - Stopped by Antti Niemi without a rebound.
6:32 of 1st period - Cody Hodgson wins face-off versus Anze Kopitar in Avalanche zone.
6:52 of 1st period - Shot by Cody Hodgson.
6:52 of 1st period - Stopped by Jonathan Quick without a rebound.
6:53 of 1st period - Patrik Elias wins face-off versus Derek Stepan in Flames zone.
7:39 of 1st period - Icing by Tyson Barrie.
7:40 of 1st period - Anze Kopitar wins face-off versus Derek Stepan in Avalanche zone.
7:59 of 1st period - Shot by Anze Kopitar.
7:59 of 1st period - Stopped by Antti Niemi without a rebound.
8:00 of 1st period - Ryan Kesler wins face-off versus Cody Hodgson in Avalanche zone.
8:03 of 1st period - Shot by Ladislav Smid.
8:03 of 1st period - Stopped by Antti Niemi with a rebound.
8:08 of 1st period - Ryan Kesler is hit by Nick Holden and loses puck.
8:13 of 1st period - Shot by Andrew MacDonald.
8:13 of 1st period - Stopped by Antti Niemi without a rebound.
8:14 of 1st period - Dustin Brown wins face-off versus Quinton Howden in Avalanche zone.
8:15 of 1st period - Shot by Anze Kopitar.
8:15 of 1st period - Deflect By Mike Cammalleri.
8:15 of 1st period - Stopped by Antti Niemi with a rebound.
8:19 of 1st period - Shot by Jack Johnson.
8:19 of 1st period - Shot Misses the Net.
8:25 of 1st period - Shot by Mike Cammalleri.
8:25 of 1st period - Shot Blocked by Kevin Shattenkirk.
8:30 of 1st period - Anze Kopitar is hit by Sami Vatanen and loses puck.
8:41 of 1st period - Shot by Kevin Shattenkirk.
8:41 of 1st period - Shot Blocked by Erik Johnson.
9:14 of 1st period - Minor Penalty to Ladislav Smid for Hooking.
9:15 of 1st period - Derek Stepan wins face-off versus Ryan Kesler in Flames zone.
9:38 of 1st period - Shot by Tyson Barrie.
9:38 of 1st period - Stopped by Jonathan Quick without a rebound.
9:39 of 1st period - Derek Stepan wins face-off versus Anze Kopitar in Flames zone.
9:57 of 1st period - Shot by Quinton Howden.
9:57 of 1st period - Stopped by Jonathan Quick without a rebound.
9:58 of 1st period - Ryan Kesler wins face-off versus Riley Sheahan in Flames zone.
10:07 of 1st period - Shot by Tyson Barrie.
10:07 of 1st period - Shot Blocked by Erik Johnson.
10:11 of 1st period - Shot by Cody Hodgson.
10:11 of 1st period - Stopped by Jonathan Quick with a rebound.
10:16 of 1st period - Marcus Johansson is hit by Erik Johnson.
10:30 of 1st period - Riley Sheahan is hit by Jack Johnson and loses puck.
10:33 of 1st period - Shot by Riley Sheahan.
10:33 of 1st period - Shot Misses the Net.
10:35 of 1st period - Shot by Kevin Shattenkirk.
10:35 of 1st period - Stopped by Jonathan Quick without a rebound.
10:36 of 1st period - Anze Kopitar wins face-off versus Derek Stepan in Flames zone.
10:36 of 1st period - Anze Kopitar is hit by Quinton Howden.
11:18 of 1st period - Marcel Goc is hit by Ladislav Smid and loses puck.
11:28 of 1st period - Icing by Ryan Kesler.
11:29 of 1st period - Ryan Kesler wins face-off versus Cody Hodgson in Flames zone.
11:50 of 1st period - Shot by Ryane Clowe.
11:50 of 1st period - Shot Blocked by Andrew MacDonald.
11:52 of 1st period - Shot by Cody Hodgson.
11:52 of 1st period - Stopped by Jonathan Quick without a rebound.
11:53 of 1st period - Derek Stepan wins face-off versus Anze Kopitar in Flames zone.
13:28 of 1st period - Minor Penalty to Ryane Clowe for Holding.
13:29 of 1st period - Marcel Goc wins face-off versus Ryan Kesler in Avalanche zone.
13:40 of 1st period - Shot by Erik Johnson.
13:40 of 1st period - Shot Misses the Net.
13:42 of 1st period - Shot by Ryan Kesler.
13:42 of 1st period - Shot Misses the Net.
13:44 of 1st period - Shot by Erik Johnson.
13:44 of 1st period - Stopped by Antti Niemi without a rebound.
13:45 of 1st period - Marcel Goc wins face-off versus Anze Kopitar in Avalanche zone.
14:08 of 1st period - Shot by Jared Spurgeon.
14:08 of 1st period - Stopped by Antti Niemi without a rebound.
14:09 of 1st period - Ryan Kesler wins face-off versus Marcel Goc in Avalanche zone.
14:24 of 1st period - Shot by Tomas Kopecky.
14:24 of 1st period - Shot Misses the Net.
14:26 of 1st period - Shot by Jack Johnson.
14:26 of 1st period - Shot Blocked by Nick Holden.
14:28 of 1st period - Shot by Jack Johnson.
14:28 of 1st period - Goal by Jack Johnson - Avalanche : 0 - Flames : 1.
14:29 of 1st period - Cody Hodgson wins face-off versus Anze Kopitar in neutral zone.
14:36 of 1st period - Shot by Cody Hodgson.
14:36 of 1st period - Shot Hit the Post.
14:38 of 1st period - Shot by Jakob Silfverberg.
14:38 of 1st period - Stopped by Jonathan Quick without a rebound.
14:39 of 1st period - Riley Sheahan wins face-off versus Ryan Kesler in Flames zone.
15:04 of 1st period - Ryan Kesler is hit by Nick Holden and loses puck.
15:25 of 1st period - Shot by Ryan Kesler.
15:25 of 1st period - Shot Misses the Net.
15:43 of 1st period - Jared Spurgeon is hit by Nick Holden and loses puck.
16:11 of 1st period - Minor Penalty to Nick Holden for Hooking.
16:12 of 1st period - Derek Stepan wins face-off versus Ryan Kesler in Avalanche zone.
16:12 of 1st period - Derek Stepan is hit by Ryan Kesler.
16:32 of 1st period - Shot by Patrik Elias.
16:32 of 1st period - Shot Misses the Net.
16:34 of 1st period - Shot by Patrik Elias.
16:34 of 1st period - Deflect By Ryan Kesler.
16:34 of 1st period - Shot Misses the Net.
16:36 of 1st period - Shot by Erik Johnson.
16:36 of 1st period - Stopped by Antti Niemi without a rebound.
16:37 of 1st period - Derek Stepan wins face-off versus Anze Kopitar in Avalanche zone.
16:48 of 1st period - Shot by Sami Vatanen.
16:48 of 1st period - Shot Misses the Net.
17:02 of 1st period - Shot by Christopher Higgins.
17:02 of 1st period - Stopped by Jonathan Quick with a rebound.
17:44 of 1st period - Shot by Ryan Kesler.
17:44 of 1st period - Shot Hit the Post.
17:46 of 1st period - Shot by Patrik Elias.
17:46 of 1st period - Shot Misses the Net.
18:35 of 1st period - Brett Bulmer is hit by Michael Del Zotto and loses puck.
18:44 of 1st period - Shot by Michael Bournival.
18:44 of 1st period - Shot Misses the Net.
19:58 of 1st period - Shot by Boone Jenner.
19:58 of 1st period - Shot Misses the Net.
Goals for this period are 0 for Avalanche vs 1 for Flames.
Shots for this period are 9 for Avalanche vs 9 for Flames.

2nd period


0:01 of 2nd period - Anze Kopitar wins face-off versus Derek Stepan in neutral zone.
0:14 of 2nd period - Jack Johnson is hit by Christopher Higgins and loses puck.
0:51 of 2nd period - Icing by Erik Johnson.
0:52 of 2nd period - Cody Hodgson wins face-off versus Anze Kopitar in Flames zone.
1:15 of 2nd period - Shot by Michael Del Zotto.
1:15 of 2nd period - Shot Blocked by Jared Spurgeon.
1:17 of 2nd period - Shot by Cody Hodgson.
1:17 of 2nd period - Shot Misses the Net.
1:19 of 2nd period - Shot by Cody Hodgson.
1:19 of 2nd period - Shot Misses the Net.
1:21 of 2nd period - Shot by Cody Hodgson.
1:21 of 2nd period - Shot Misses the Net.
1:27 of 2nd period - Shot by Jakob Silfverberg.
1:27 of 2nd period - Shot Misses the Net.
1:29 of 2nd period - Shot by Cody Hodgson.
1:29 of 2nd period - Deflect By Jakob Silfverberg.
1:29 of 2nd period - Stopped by Jonathan Quick with a rebound.
1:33 of 2nd period - Shot by Ryane Clowe.
1:33 of 2nd period - Shot Misses the Net.
1:35 of 2nd period - Shot by Cody Hodgson.
1:35 of 2nd period - Stopped by Jonathan Quick with a rebound.
2:17 of 2nd period - Shot by Boone Jenner.
2:17 of 2nd period - Shot Misses the Net.
2:19 of 2nd period - Shot by Boone Jenner.
2:19 of 2nd period - Stopped by Jonathan Quick with a rebound.
2:21 of 2nd period - Shot by Tyson Barrie.
2:21 of 2nd period - Shot Blocked by Justin Faulk.
2:50 of 2nd period - Shot by Michael Bournival.
2:50 of 2nd period - Deflect By Patrik Elias.
2:50 of 2nd period - Shot Misses the Net.
2:52 of 2nd period - Shot by Stephane Da Costa.
2:52 of 2nd period - Stopped by Antti Niemi without a rebound.
2:53 of 2nd period - Anze Kopitar wins face-off versus Riley Sheahan in Avalanche zone.
3:03 of 2nd period - Icing by Nick Holden.
3:04 of 2nd period - Patrik Elias wins face-off versus Riley Sheahan in Avalanche zone.
3:26 of 2nd period - Shot by Patrik Elias.
3:26 of 2nd period - Shot Blocked by Nick Holden.
3:28 of 2nd period - Shot by Patrik Elias.
3:28 of 2nd period - Shot Blocked by Riley Sheahan.
3:30 of 2nd period - Shot by Patrik Elias.
3:30 of 2nd period - Stopped by Antti Niemi with a rebound.
3:35 of 2nd period - Icing by Quinton Howden.
3:36 of 2nd period - Anze Kopitar wins face-off versus Riley Sheahan in Avalanche zone.
3:37 of 2nd period - Shot by Mike Cammalleri.
3:37 of 2nd period - Stopped by Antti Niemi with a rebound.
3:50 of 2nd period - Riley Sheahan is hit by Ladislav Smid and loses puck.
4:10 of 2nd period - Christopher Higgins is hit by Ladislav Smid and loses puck.
4:13 of 2nd period - Shot by Christopher Higgins.
4:13 of 2nd period - Stopped by Jonathan Quick without a rebound.
4:14 of 2nd period - Patrik Elias wins face-off versus Marcel Goc in Flames zone.
4:16 of 2nd period - Erik Johnson is hit by Boone Jenner and loses puck.
4:25 of 2nd period - Shot by Patrik Elias.
4:25 of 2nd period - Shot Misses the Net.
4:27 of 2nd period - Shot by Michael Bournival.
4:27 of 2nd period - Shot Misses the Net.
5:48 of 2nd period - Shot by Derek Stepan.
5:48 of 2nd period - Shot Misses the Net.
5:59 of 2nd period - Off-side.
6:00 of 2nd period - Anze Kopitar wins face-off versus Cody Hodgson in neutral zone.
7:06 of 2nd period - Patrik Elias is hit by Cody Hodgson and loses puck.
7:43 of 2nd period - Shot by Patrik Elias.
7:43 of 2nd period - Shot Misses the Net.
8:10 of 2nd period - Shot by Ryan Kesler.
8:10 of 2nd period - Shot Misses the Net.
8:22 of 2nd period - Justin Faulk is hit by Christopher Higgins and loses puck.
8:52 of 2nd period - Icing by Kevin Shattenkirk.
8:53 of 2nd period - Marcel Goc wins face-off versus Anze Kopitar in Avalanche zone.
9:39 of 2nd period - Minor Penalty to Dustin Brown for Interference.
9:40 of 2nd period - Ryan Kesler wins face-off versus Riley Sheahan in Flames zone.
10:23 of 2nd period - Shot by Kevin Shattenkirk.
10:23 of 2nd period - Shot Blocked by Erik Johnson.
10:25 of 2nd period - Shot by Christopher Higgins.
10:25 of 2nd period - Stopped by Jonathan Quick without a rebound.
10:26 of 2nd period - Anze Kopitar wins face-off versus Derek Stepan in Flames zone.
11:18 of 2nd period - Shot by Cody Hodgson.
11:18 of 2nd period - Shot Misses the Net.
11:20 of 2nd period - Shot by Cody Hodgson.
11:20 of 2nd period - Shot Blocked by Justin Faulk.
11:22 of 2nd period - Shot by Riley Sheahan.
11:22 of 2nd period - Stopped by Jonathan Quick without a rebound.
11:23 of 2nd period - Ryan Kesler wins face-off versus Riley Sheahan in Flames zone.
12:01 of 2nd period - Shot by Brett Bulmer.
12:01 of 2nd period - Stopped by Antti Niemi without a rebound.
12:02 of 2nd period - Ryane Clowe wins face-off versus Tomas Kopecky in Avalanche zone.
12:02 of 2nd period - Ryane Clowe is hit by Kyle Clifford.
12:08 of 2nd period - Shot by Cody Hodgson.
12:08 of 2nd period - Shot Misses the Net.
12:43 of 2nd period - Shot by Ryan Kesler.
12:43 of 2nd period - Shot Misses the Net.
12:58 of 2nd period - Minor Penalty to Victor Bartley for Hooking.
12:59 of 2nd period - Anze Kopitar wins face-off versus Derek Stepan in Avalanche zone.
13:06 of 2nd period - Shot by Justin Faulk.
13:06 of 2nd period - Stopped by Antti Niemi without a rebound.
13:07 of 2nd period - Derek Stepan wins face-off versus Anze Kopitar in Avalanche zone.
13:37 of 2nd period - Shot by Jared Spurgeon.
13:37 of 2nd period - Stopped by Antti Niemi without a rebound.
13:38 of 2nd period - Marcel Goc wins face-off versus Ryan Kesler in Avalanche zone.
13:38 of 2nd period - Marcel Goc is hit by Ryan Kesler.
14:13 of 2nd period - Nick Holden is hit by Ryan Kesler and loses puck.
15:14 of 2nd period - Cody Hodgson is hit by Ladislav Smid and loses puck.
15:24 of 2nd period - Off-side.
15:25 of 2nd period - Derek Stepan wins face-off versus Anze Kopitar in neutral zone.
15:34 of 2nd period - Shot by Marcus Johansson.
15:34 of 2nd period - Shot Misses the Net.
15:46 of 2nd period - Tyson Barrie is hit by Anze Kopitar and loses puck.
15:58 of 2nd period - Marcus Johansson is hit by Jared Spurgeon and loses puck.
16:03 of 2nd period - Shot by Derek Stepan.
16:03 of 2nd period - Shot Misses the Net.
16:05 of 2nd period - Shot by Keith Yandle.
16:05 of 2nd period - Stopped by Jonathan Quick without a rebound.
16:06 of 2nd period - Riley Sheahan wins face-off versus Patrik Elias in Flames zone.
16:18 of 2nd period - Patrik Elias is hit by Kevin Shattenkirk and loses puck.
16:21 of 2nd period - Shot by Patrik Elias.
16:21 of 2nd period - Shot Misses the Net.
16:25 of 2nd period - Shot by Patrik Elias.
16:25 of 2nd period - Stopped by Antti Niemi with a rebound.
16:27 of 2nd period - Shot by Jack Johnson.
16:27 of 2nd period - Shot Misses the Net.
17:18 of 2nd period - Derek Stepan is hit by Ladislav Smid and loses puck.
17:28 of 2nd period - Off-side.
17:29 of 2nd period - Marcel Goc wins face-off versus Anze Kopitar in neutral zone.
18:23 of 2nd period - Icing by Jared Spurgeon.
18:24 of 2nd period - Derek Stepan wins face-off versus Anze Kopitar in Flames zone.
18:29 of 2nd period - Shot by Marcus Johansson.
18:29 of 2nd period - Shot Misses the Net.
18:34 of 2nd period - Icing by Jared Spurgeon.
18:35 of 2nd period - Cody Hodgson wins face-off versus Anze Kopitar in Flames zone.
18:45 of 2nd period - Icing by Justin Faulk.
18:46 of 2nd period - Anze Kopitar wins face-off versus Derek Stepan in Flames zone.
19:28 of 2nd period - Christopher Higgins is hit by Erik Johnson and loses puck.
Goals for this period are 0 for Avalanche vs 0 for Flames.
Shots for this period are 7 for Avalanche vs 7 for Flames.

3rd period


0:01 of 3rd period - Anze Kopitar wins face-off versus Cody Hodgson in neutral zone.
0:25 of 3rd period - Shot by Jakob Silfverberg.
0:25 of 3rd period - Shot Misses the Net.
0:27 of 3rd period - Shot by Kevin Shattenkirk.
0:27 of 3rd period - Shot Blocked by Erik Johnson.
0:29 of 3rd period - Shot by Kevin Shattenkirk.
0:29 of 3rd period - Stopped by Jonathan Quick with a rebound.
0:35 of 3rd period - Shot by Jakob Silfverberg.
0:35 of 3rd period - Shot Misses the Net.
1:07 of 3rd period - Shot by Derek Stepan.
1:07 of 3rd period - Deflect By Christopher Higgins.
1:07 of 3rd period - Stopped by Jonathan Quick without a rebound.
1:08 of 3rd period - Patrik Elias wins face-off versus Marcel Goc in Flames zone.
1:27 of 3rd period - Minor Penalty to Marcel Goc for High sticking.
1:28 of 3rd period - Ryan Kesler wins face-off versus Derek Stepan in Avalanche zone.
1:35 of 3rd period - Shot by Jared Spurgeon.
1:35 of 3rd period - Shot Misses the Net.
1:51 of 3rd period - Shot by Justin Faulk.
1:51 of 3rd period - Stopped by Antti Niemi with a rebound.
1:53 of 3rd period - Shot by Patrik Elias.
1:53 of 3rd period - Shot Misses the Net.
1:55 of 3rd period - Shot by Jared Spurgeon.
1:55 of 3rd period - Shot Misses the Net.
1:59 of 3rd period - Shot by Jared Spurgeon.
1:59 of 3rd period - Shot Misses the Net.
2:19 of 3rd period - Shot by Erik Johnson.
2:19 of 3rd period - Stopped by Antti Niemi with a rebound.
2:57 of 3rd period - Justin Faulk is hit by Boone Jenner and loses puck.
3:18 of 3rd period - Shot by Jared Spurgeon.
3:18 of 3rd period - Shot Misses the Net.
3:41 of 3rd period - Icing by Victor Bartley.
3:42 of 3rd period - Drew Shore wins face-off versus Cody Hodgson in Avalanche zone.
5:25 of 3rd period - Shot by Christopher Higgins.
5:25 of 3rd period - Deflect By Derek Stepan.
5:25 of 3rd period - Shot Misses the Net.
5:27 of 3rd period - Shot by Christopher Higgins.
5:27 of 3rd period - Stopped by Jonathan Quick without a rebound.
5:28 of 3rd period - Ryan Kesler wins face-off versus Marcel Goc in Flames zone.
6:01 of 3rd period - Shot by Boone Jenner.
6:01 of 3rd period - Stopped by Jonathan Quick without a rebound.
6:02 of 3rd period - Derek Stepan wins face-off versus Michael Bournival in Flames zone.
6:02 of 3rd period - Keith Yandle is hit by Ladislav Smid and loses puck.
6:17 of 3rd period - Shot by Michael Bournival.
6:17 of 3rd period - Shot Misses the Net.
6:45 of 3rd period - Ladislav Smid is hit by Christopher Higgins.
7:19 of 3rd period - Minor Penalty to Sami Vatanen for Holding.
7:20 of 3rd period - Marcel Goc wins face-off versus Anze Kopitar in Avalanche zone.
7:53 of 3rd period - Shot by Mike Cammalleri.
7:53 of 3rd period - Shot Misses the Net.
7:55 of 3rd period - Shot by Justin Faulk.
7:55 of 3rd period - Goal by Justin Faulk - Avalanche : 0 - Flames : 2.
7:56 of 3rd period - Ryan Kesler wins face-off versus Cody Hodgson in neutral zone.
8:14 of 3rd period - Icing by Cody Hodgson.
8:15 of 3rd period - Cody Hodgson wins face-off versus Patrik Elias in Avalanche zone.
8:29 of 3rd period - Shot by Ryane Clowe.
8:29 of 3rd period - Shot Misses the Net.
9:38 of 3rd period - Shot by Derek Stepan.
9:38 of 3rd period - Stopped by Jonathan Quick without a rebound.
9:39 of 3rd period - Anze Kopitar wins face-off versus Boone Jenner in Flames zone.
9:54 of 3rd period - Shot by Anze Kopitar.
9:54 of 3rd period - Deflect By Mike Cammalleri.
9:54 of 3rd period - Shot Misses the Net.
10:08 of 3rd period - Shot by Mike Cammalleri.
10:08 of 3rd period - Shot Misses the Net.
10:10 of 3rd period - Shot by Anze Kopitar.
10:10 of 3rd period - Shot Misses the Net.
11:01 of 3rd period - Shot by Riley Sheahan.
11:01 of 3rd period - Stopped by Jonathan Quick without a rebound.
11:02 of 3rd period - Patrik Elias wins face-off versus Derek Stepan in Flames zone.
11:21 of 3rd period - Shot by Derek Stepan.
11:21 of 3rd period - Stopped by Jonathan Quick with a rebound.
11:23 of 3rd period - Shot by Christopher Higgins.
11:23 of 3rd period - Shot Blocked by Barret Jackman.
11:23 of 3rd period - Barret Jackman from Flames is injured at 11:23 of 3rd period (Right Hand).
11:24 of 3rd period - Riley Sheahan wins face-off versus Ryan Kesler in Flames zone.
11:38 of 3rd period - Off-side.
11:39 of 3rd period - Anze Kopitar wins face-off versus Derek Stepan in neutral zone.
12:13 of 3rd period - Shot by Derek Stepan.
12:13 of 3rd period - Deflect By Christopher Higgins.
12:13 of 3rd period - Shot Hit the Post.
12:15 of 3rd period - Shot by Marcus Johansson.
12:15 of 3rd period - Shot Misses the Net.
12:38 of 3rd period - Jack Johnson is hit by Sami Vatanen and loses puck.
12:44 of 3rd period - Sami Vatanen is hit by Kyle Clifford and loses puck.
12:46 of 3rd period - Minor Penalty to Kyle Clifford for Hooking.
12:47 of 3rd period - Ryan Kesler wins face-off versus Riley Sheahan in Flames zone.
13:53 of 3rd period - Shot by Derek Stepan.
13:53 of 3rd period - Shot Misses the Net.
13:55 of 3rd period - Shot by Christopher Higgins.
13:55 of 3rd period - Shot Misses the Net.
14:18 of 3rd period - Riley Sheahan is hit by Ryan Kesler.
14:33 of 3rd period - Shot by Riley Sheahan.
14:33 of 3rd period - Goal by Riley Sheahan - Avalanche : 1 - Flames : 2.
14:34 of 3rd period - Marcel Goc wins face-off versus Anze Kopitar in neutral zone.
14:44 of 3rd period - Shot by Mike Cammalleri.
14:44 of 3rd period - Stopped by Antti Niemi without a rebound.
14:45 of 3rd period - Marcel Goc wins face-off versus Anze Kopitar in Avalanche zone.
14:56 of 3rd period - Minor Penalty to Michael Del Zotto for Holding.
14:57 of 3rd period - Marcel Goc wins face-off versus Anze Kopitar in Avalanche zone.
15:08 of 3rd period - Kevin Shattenkirk is hit by Dustin Brown.
16:00 of 3rd period - Shot by Justin Faulk.
16:00 of 3rd period - Deflect By Patrik Elias.
16:00 of 3rd period - Stopped by Antti Niemi without a rebound.
16:01 of 3rd period - Marcel Goc wins face-off versus Ryan Kesler in Avalanche zone.
17:04 of 3rd period - Shot by Mike Cammalleri.
17:04 of 3rd period - Shot Blocked by Cody Hodgson.
17:10 of 3rd period - Shot by Mike Cammalleri.
17:10 of 3rd period - Stopped by Antti Niemi without a rebound.
17:11 of 3rd period - Derek Stepan wins face-off versus Anze Kopitar in Avalanche zone.
17:11 of 3rd period - Derek Stepan is hit by Dustin Brown.
17:21 of 3rd period - Michael Del Zotto is hit by Dustin Brown and loses puck.
17:28 of 3rd period - Shot by Mike Cammalleri.
17:28 of 3rd period - Shot Blocked by Nick Holden.
17:34 of 3rd period - Shot by Anze Kopitar.
17:34 of 3rd period - Shot Misses the Net.
17:36 of 3rd period - Shot by Erik Johnson.
17:36 of 3rd period - Shot Blocked by Michael Del Zotto.
17:38 of 3rd period - Shot by Jack Johnson.
17:38 of 3rd period - Shot Misses the Net.
18:06 of 3rd period - Shot by Patrik Elias.
18:06 of 3rd period - Stopped by Antti Niemi without a rebound.
18:07 of 3rd period - Kyle Clifford wins face-off versus Riley Sheahan in Avalanche zone.
18:35 of 3rd period - Jared Spurgeon is hit by Quinton Howden and loses puck.
18:59 of 3rd period - Keith Yandle is hit by Erik Johnson and loses puck.
19:03 of 3rd period - Icing by Erik Johnson.
19:04 of 3rd period - Patrik Elias wins face-off versus Derek Stepan in Flames zone.
19:06 of 3rd period - Icing by Erik Johnson.
19:07 of 3rd period - Derek Stepan wins face-off versus Patrik Elias in Flames zone.
19:08 of 3rd period - Avalanche, Antti Niemi is pulled from the net.
19:16 of 3rd period - Shot by Christopher Higgins.
19:16 of 3rd period - Shot Misses the Net.
19:27 of 3rd period - Patrik Elias is hit by Kevin Shattenkirk and loses puck.
19:33 of 3rd period - Patrik Elias is hit by Kevin Shattenkirk.
Goals for this period are 1 for Avalanche vs 1 for Flames.
Shots for this period are 8 for Avalanche vs 7 for Flames.


Output by the SimonT Hockey Simulator (STHS) for Stephane Roy -- Original Page W3C XHTML 1.0 Valid
Hockey Simulator - Hockey Simulation - Hockey Manager